 Dungeon Crawl Stone Soup version 0.31.0-9-g3a7656b989 (webtiles) character file.

Game seed: 6458155456077090726

121 qw the Skirmisher (level 4, -2/25 HPs)
             Began as a Deep Elf Hunter on Feb 2, 2024.
             Incinerated by a bombardier beetle (4 damage)
             ... with a burning spray
             ... on level 3 of the Dungeon.
             The game lasted 00:00:07 (2105 turns).

qw the Skirmisher (Deep Elf Hunter)                 Turns: 2105, Time: 00:00:08

Health: -2/25      AC:  5    Str:  7 (10) XL:     4   Next: 76%
Magic:  6/6        EV: 10    Int: 13 (14) God:
Gold:   108        SH:  0    Dex: 17 (18) Spells: 3/3 levels left

rFire   . . .        a - +0 shortbow
rCold   . . .        (shield currently unavailable)
rNeg    . . .        h - +0 ring mail
rPois   .            (no helmet)
rElec   .            (no cloak)
rCorr   +            (no gloves)
SInv    .            (no boots)
Will    .....        (no amulet)
Stlth   +            e - ring of resist corrosion
HPRegen 0.24/turn    (no ring)
MPRegen 0.10/turn

%: no passive effects
@: on fire, glowing
A: no striking features
a: no special abilities


You were on level 3 of the Dungeon.
You visited 1 branch of the dungeon, and saw 3 of its levels.

You collected 108 gold pieces.


   Skills:
 - Level 1.5 Fighting
 + Level 8.2 Ranged Weapons
 - Level 2.4 Dodging
 - Level 1.2 Stealth


You had 3 spell levels left.
You didn't know any spells.
Your spell library was empty.

Inventory:

Hand Weapons
 a - a +0 shortbow (weapon)
Armour
 h - a +0 ring mail (worn)
Jewellery
 c - an amulet of guardian spirit
 e - a ring of resist corrosion (left hand)
Scrolls
 b - a scroll of brand weapon {unknown}
 f - a scroll of teleportation
Potions
 d - a potion of brilliance {unknown}
 j - a potion of attraction {unknown}

Dungeon Overview and Level Annotations

Branches:
Dungeon (3/15)

Altars:
Uskayaw


Message History

A bombardier beetle comes into view.
You shoot an arrow. The arrow hits the hobgoblin.
The hobgoblin is severely wounded.
You shoot an arrow. The arrow hits the hobgoblin.
You kill the hobgoblin!
You shoot an arrow. The arrow hits the bombardier beetle!
The bombardier beetle is heavily wounded.
The bombardier beetle waves its antennae.
You shoot an arrow. The arrow hits the bombardier beetle.
The bombardier beetle is almost dead.
You shoot an arrow.
The arrow hits the bombardier beetle but does no damage.
The bombardier beetle is almost dead.
You shoot an arrow.
The arrow barely misses the bombardier beetle.
The bombardier beetle sprays incendiary fluid at you.
The burning spray hits you.
You are covered in liquid fire!
You shoot an arrow. The arrow hits the bombardier beetle!
You kill the bombardier beetle!
The liquid fire burns you!
You feel your intelligence returning.
Your Ranged Weapons skill increases to level 8!
You are on fire!
The liquid fire burns you!
You are on fire!
The liquid fire burns you!
You are on fire!
The liquid fire burns you!
You are on fire!
The liquid fire burns you!
You are on fire!
The liquid fire burns you!
You are on fire!
The liquid fire burns you!
You are on fire!
The liquid fire burns you!
You are on fire!
The liquid fire burns you!
You die...

#........## #..
#......### ##. #
#......# ####.. #.
#.....####.#... ...
###.....#.#...... ..
#.....#..........
#.#+#.###.#.#.#......
####.8.8.......####.#...
......%@.######.######..
#####.........%..## ##.
#..########.#.# #.. #..
#.#.# ##. #.. ###.# ##
... ### ###. .##. #.##
#. .. #... #.##


There were no monsters in sight!

Vanquished Creatures
  A bombardier beetle (D:3)
  4 adders
  A ribbon worm (D:3)
  A dart slug (D:2)
  2 endoplasms
  9 goblins
  5 hobgoblins
  4 jackals (D:2)
  2 quokkas
  6 ball pythons
  6 bats
  A frilled lizard (D:1)
  4 kobolds
  5 rats
51 creatures vanquished.

Notes
Turn   | Place    | Note
-------+----------+-------------------------------------------
     0 | D:1      | qw the Deep Elf Hunter began the quest for the Orb.
     0 | D:1      | Reached XP level 1. HP: 12/12 MP: 3/3
     0 | D:1      | 0 ||| qw: Version: 0.3-a-155-g5e7d8dd
     0 | D:1      | 0 ||| qw: Game counter: 1173
     0 | D:1      | 0 ||| qw: Melee chars always use a shield: true
     0 | D:1      | 0 ||| qw: God list: Okawaru
     0 | D:1      | 0 ||| qw: Allow faded altars: false
     0 | D:1      | 0 ||| qw: Do Orc after clearing Dungeon:15 true
     0 | D:1      | 0 ||| qw: Do second Lair branch before Depths: true
     0 | D:1      | 0 ||| qw: Lair rune preference: random
     0 | D:1      | 0 ||| qw: Goals: Normal
     0 | D:1      | 0 ||| PLANNING D:1-11
   250 | D:1      | Reached XP level 2. HP: 16/16 MP: 4/4
   425 | D:1      | Reached skill level 6 in Ranged Weapons
   592 | D:1      | 592 ||| UPGRADING to ring of resist corrosion.
   593 | D:1      | 593 ||| READING scroll labelled YKIUTA DUDUG.
   597 | D:1      | 597 ||| DROPPING scroll of butterflies.
   621 | D:2      | 621 ||| STAIRDANCE
   627 | D:2      | 627 ||| STAIRDANCE
   758 | D:2      | HP: 3/16 [kobold/+0 club (3)]
   764 | D:2      | Reached XP level 3. HP: 5/20 MP: 5/5
  1153 | D:2      | Reached skill level 7 in Ranged Weapons
  1426 | D:2      | 1426 ||| UPGRADING to +0 scale mail.
  1436 | D:2      | 1436 ||| DROPPING +0 leather armour.
  1437 | D:2      | 1437 ||| UPGRADING to +0 ring mail.
  1447 | D:2      | 1447 ||| DROPPING +0 scale mail.
  1448 | D:2      | 1448 ||| READING scroll labelled TEOCOOG BYMEF.
  1549 | D:2      | 1549 ||| DRINKING 2 pink potions.
  1550 | D:2      | 1550 ||| DROPPING potion of degeneration.
  1669 | D:3      | Reached XP level 4. HP: 25/25 MP: 6/6
  1705 | D:3      | Found a hide-covered altar of Uskayaw.
  1989 | D:3      | HP: 6/25 [poisoned by an adder]
  2098 | D:3      | Reached skill level 8 in Ranged Weapons
  2102 | D:3      | HP: 6/25 [burnt (3)]
  2104 | D:3      | HP: 2/25 [burnt (2)]
  2105 | D:3      | Incinerated by a bombardier beetle

Levels and vault maps discovered:
D:1:      elethiomel_arrival_infinity_welcomes_careful_drivers, layout_rooms
D:2:      layout_basic
D:3:      layout_basic, mainiacjoe_overflow_tiny_flanked, grunt_dithmenos_smoke,
          led_sif_book, dreamdust_ecumenical_altar_angels_and_demons,
          serial_shops, nicolae_shop_gibbet_a_chance, nicolae_shop_waterfront,
          nicolae_lakefront_shop, nicolae_figureground_sparkle, uniq_terence

Skill      XL: |  1  2  3  4 |
---------------+-------------+-----
Ranged Weapons | 6 7 8 |  8.2
Fighting       | |  1.5
Dodging        | |  2.4
Stealth        | |  1.2

Action                     |  1- 3 |  4- 6 || total
---------------------------+-------+-------++-------
   Fire: Shortbow          |   120 |    32 ||   152
    Use: Scroll            |     2 |       ||     2
         Potion            |     1 |       ||     1
 Armour: Leather armour    |    28 |       ||    28
         Ring mail         |     1 |     5 ||     6
  Dodge: Dodged            |    61 |     7 ||    68

Table legend:
 A = Non-vault XP
 B = Vault XP
 C = Vault XP percentage of total XP
 D = Non-vault monster count
 E = Vault monster count
 F = Vault count percentage of total count
                 A         B        C        D         E       F
            +---------+---------+-------+---------+---------+-------
      Total |     173 |       0 |   0.0 |      51 |       0 |   0.0
            +---------+---------+-------+---------+---------+-------
        D:1 |      22 |       0 |   0.0 |      14 |       0 |   0.0
        D:2 |      65 |       0 |   0.0 |      25 |       0 |   0.0
        D:3 |      86 |       0 |   0.0 |      12 |       0 |   0.0
            +---------+---------+-------+---------+---------+-------
